 Dungeon Crawl Stone Soup version 0.19.4-8-ga85b6b9 (webtiles) character file.

288 JNO the Charmwright (level 6, -1/43 HPs)
             Began as a High Elf Skald on Feb 14, 2017.
             Was an Initiate of Okawaru.
             Slain by an iguana (11 damage)
             ... on level 4 of the Dungeon.
             The game lasted 00:17:28 (3749 turns).

JNO the Charmwright (High Elf Skald)                Turns: 3749, Time: 00:17:29

Health: -1/43      AC:  3    Str: 11    XL:     6   Next: 9%
Magic:  8/11       EV: 13    Int: 15    God:    Okawaru [......]
Gold:   91         SH:  0    Dex: 18    Spells: 4 memorised, 3 levels left

rFire  . . .     SeeInvis .     w - +2 short sword (drain)
rCold  . . .     Gourm    .     b - +0 leather armour
rNeg   . . .     Faith    .     (no shield)
rPois  .         Spirit   .     (no helmet)
rElec  .         Reflect  .     (no cloak)
rCorr  .         Harm     .     (no gloves)
MR     .....                    (no boots)
Stlth  +.........               (no amulet)
                                (no ring)
                                (no ring)

@: no status effects
A: no striking features
a: Renounce Religion


You were on level 4 of the Dungeon.
You worshipped Okawaru.
Okawaru was noncommittal.
You were hungry.

You visited 1 branch of the dungeon, and saw 4 of its levels.

You collected 91 gold pieces.

Inventory:

Hand Weapons
 a - a +0 falchion
 w - a +2 short sword of draining (weapon)
Armour
 b - a +0 leather armour (worn)
Jewellery
 m - an uncursed amulet of guardian spirit
Scrolls
 f - a scroll of fog
 l - 3 scrolls of recharging
 o - a scroll of enchant weapon {unknown}
 q - a scroll of teleportation {unknown}
 r - a scroll of identify {unknown}
 u - a scroll of remove curse
Potions
 e - 2 potions of cure mutation {unknown}
 g - a potion of degeneration {unknown}
 h - a potion of flight {unknown}
 j - 3 potions of mutation {unknown}
 k - a potion of invisibility {unknown}
 n - 2 potions of lignification {unknown}
 p - a potion of heal wounds {unknown}
 t - 2 potions of curing {unknown}
 A - a potion of resistance {unknown}
Books
 c - a book of Battle

   Spells                             Type                      Level
   a - Infusion                       Charms                       1
   b - Shroud of Golubria             Charms/Translocation         2
   c - Song of Slaying                Charms                       2
   d - Spectral Weapon                Hexes/Charms                 3
   e - Regeneration                   Charms/Necromancy            3
Comestibles
 d - 4 bread rations
 x - a meat ration


   Skills:
 + Level 3.8 Fighting
 + Level 2.3(3.2) Short Blades
 - Level 3.3(3.7) Long Blades
 - Level 0.8 Armour
 + Level 3.5 Dodging
 - Level 3.2 Spellcasting
 - Level 4.3 Charms


You had 3 spell levels left.
You knew the following spells:

 Your Spells              Type           Power        Failure   Level  Hunger
a - Infusion              Chrm           ###.         4%          1    #......
b - Shroud of Golubria    Chrm/Tloc      #.........   21%         2    ##.....
c - Song of Slaying       Chrm           ###.....     10%         2    ##.....
d - Spectral Weapon       Hex/Chrm       #.......     38%         3    ###....


Dungeon Overview and Level Annotations

Branches:
Dungeon (4/15)
 Temple: D:4-7

Altars:
Okawaru

Shops:
D:4 =

Annotations:
D:4 Pikel


Message History

You hit Pikel but do no damage. You drain Pikel!
Pikel is heavily wounded.
The slave hits you. x2; Pikel closely misses you.
You closely miss Pikel.
Pikel is heavily wounded.
The slave hits you. The slave barely misses you. The slave hits you.
The slave barely misses you.
Pikel says, "You'll fetch a fair price!"
Pikel closely misses you.
As you read the scroll of fog, it crumbles to dust.
The scroll dissolves into smoke.
The slave hits you.
* * * LOW HITPOINT WARNING * * *
The slave completely misses you. The slave hits you but does no damage.
The slave hits you.
* * * LOW HITPOINT WARNING * * *
Pikel misses you.
You barely miss Pikel.
Pikel is heavily wounded.
The iguana bites you!
You die...

,,,,,,,* *,* *,* ,,,,,,,* *,* *,*
,,,,,,<* *******,*****,***
,,,..,,* *,,,,,,,**,,,,,,*
,,,...,* #,########,,,.,,*******
,,,....* #.#..#...+....,,,,,,,,,
*,,....###*.......##>...,,******,
**,.......####.pp§......,,* *,
,**#...........p@K§...#**** *,
**,........###.§pl....# *,
*,,........# #.§§§....# *,
,,*##.....p# ##.♣.#.### *,
,,,,+......# ♣.∩.♣.# *,
****#......# #.♣.#,# *, *
*###.###.# #.<.#,************,
*........####...#,*,,,,,,,,,,,,
*.##.##.....p...#,*,,,,,,,,,,,,


You could see Pikel, 4 slaves and an iguana.

Vanquished Creatures
  A sky beast (D:3)
  Jessica (D:2)
  An iguana (D:3)
  A gnoll (D:1)
  4 adders
  2 oozes
  2 worms (D:2)
  4 dart slugs
  A leopard gecko (D:3)
  5 orcs (D:3)
  9 bats
  3 giant cockroaches
  9 goblins
  7 hobgoblins
  6 jackals
  2 quokkas (D:3)
  A ball python (D:2)
  4 frilled lizards
  4 kobolds
  9 rats
76 creatures vanquished.

Notes
Turn   | Place    | Note
-------+----------+-------------------------------------------
     0 | D:1      | JNO the High Elf Skald began the quest for the Orb.
     0 | D:1      | Reached XP level 1. HP: 14/14 MP: 4/4
    43 | D:1      | Reached XP level 2. HP: 17/19 MP: 2/6
   717 | D:1      | Learned a level 2 spell: Shroud of Golubria
   720 | D:1      | Learned a level 2 spell: Song of Slaying
   885 | D:1      | Reached XP level 3. HP: 23/24 MP: 5/8
   905 | D:1      | Reached skill level 4 in Charms
  1804 | D:2      | Found an iron altar of Okawaru.
  1881 | D:2      | Noticed Jessica
  1889 | D:2      | Killed Jessica
  1889 | D:2      | Reached XP level 4. HP: 30/30 MP: 4/9
  1894 | D:2      | Learned a level 3 spell: Spectral Weapon
  1902 | D:2      | Became a worshipper of Warmaster Okawaru
  3120 | D:3      | Reached XP level 5. HP: 36/36 MP: 5/10
  3220 | D:3      | Reached skill level 1 in Short Blades
  3476 | D:3      | Noticed a sky beast
  3498 | D:3      | Killed a sky beast
  3498 | D:3      | Reached XP level 6. HP: 29/43 MP: 2/11
  3701 | D:4      | Found Nouzext's Jewellery Emporium.
  3714 | D:4      | Noticed a slave
  3715 | D:4      | Noticed a slave
  3715 | D:4      | Noticed a slave
  3715 | D:4      | Noticed a slave
  3717 | D:4      | Noticed Pikel
  3749 | D:4      | Slain by an iguana

Skill      XL: |  1  2  3  4  5 |
---------------+----------------+-----
Spellcasting   | 3 |  3.2
Charms         | 4 |  4.3
Dodging        | 2 3 |  3.5
Long Blades    | 3 |  3.3
Fighting       | 3 |  3.8
Short Blades   | 2 |  2.3
Armour         | |  0.8

Action                   |  1- 3 |  4- 6 || total
-------------------------+-------+-------++-------
Melee: Falchion          |    86 |    70 ||   156
       Short sword       |       |    67 ||    67
 Cast: Infusion          |     7 |    12 ||    19
       Shroud of Golubri |     8 |    17 ||    25
       Song of Slaying   |       |     5 ||     5
  Use: Scroll            |       |     7 ||     7
 Stab: Sleeping          |     1 |     1 ||     2
  Eat: Chunk             |     4 |     2 ||     6
       Bread ration      |       |     1 ||     1
Armor: Leather armour    |    24 |    27 ||    51
Dodge: Dodged            |    64 |   115 ||   179
       Rpst.: Falchion   |    24 |    14 ||    38
